Sound Tigers vs Crunch
Created - January 30, 2023 at 19:26
Goals
|
| Sound Tigers |
0 |
2 |
0 |
2 |
| Crunch |
1 |
1 |
2 |
4 |
|
Shots
|
| Sound Tigers |
13 |
10 |
9 |
32 |
| Crunch |
13 |
13 |
18 |
44 |
|
1st period
1. Crunch , Teemu Hartikainen 39 (Denis Gurianov 18, Christoffer Ehn 24) at 8:42
Penalties :
Borna Rendulic (BRI) for Slashing (Minor) at 8:53, Nikita Tryamkin (Syr) for Holding (Minor) at 19:48
2nd period
2. Sound Tigers , Garret Ross 21 (James Livingstone 16, Dylan McIlrath 15) at 9:29
3. Crunch , Joel Vermin 7 (Jacob Josefson 24, Anthony Cirelli 24) at 15:51
4. Sound Tigers , Pavel Kraskovsky 19 (Alex Tuch 28, Borna Rendulic 19) at 19:46
Penalties :
Michael Downing (Syr) for Hooking (Minor) at 4:25, Teemu Hartikainen (Syr) for Interference (Minor) at 9:52, Alex Tuch (BRI) for Tripping (Minor) at 15:54
3rd period
5. Crunch , Denis Gurianov 18 (Roland McKeown 18) at 14:20 (PP)
6. Crunch , Jacob Josefson 20 (Joel Vermin 10, Anthony Cirelli 25) at 16:40 (PP)
Penalties :
Tyrell Goulbourne (BRI) for Hooking (Minor) at 2:35, Charles-Olivier Roussel (Syr) for Hooking (Minor) at 6:29, Christoffer Ehn (Syr) for Interference (Minor) at 9:17, Ben Johnson (BRI) for Hooking (Minor) at 14:09, Borna Rendulic (BRI) for Hooking (Minor) at 14:43
Goalie Stats
Pavel Francouz (BRI), 40 saves from 44 shots - (0.909), L, 15-7-1, 60:00 minutes
Jordan Binnington (Syr), 30 saves from 32 shots - (0.938), W, 12-4-1, 60:00 minutes
Players Stats for Sound Tigers
Player Name G A P +/- PIM S H SB GA TA FO MP PP MP PK MP
------------------------------------------------------------------------------------
Alex Steeves 0 0 0 0 0 0 0 0 0 0 0/0 0:00 0:00 0:00
Alex Tuch 0 1 1 1 2 3 2 1 2 0 1/3 21:47 5:41 3:58
Alexander Yelesin 0 0 0 0 0 1 0 2 0 0 0/0 13:02 0:01 0:00
Ben Johnson 0 0 0 0 2 2 0 0 1 0 4/10 11:05 0:00 0:52
Ben Thomson 0 0 0 0 0 3 1 0 0 1 0/0 12:01 0:30 1:31
Blake Speers 0 0 0 0 0 0 0 0 0 0 0/0 0:16 0:00 0:16
Borna Rendulic 0 1 1 1 4 5 2 1 0 0 2/3 17:24 5:41 0:00
Brad Ross 0 0 0 0 0 0 0 0 0 0 0/0 1:28 0:00 1:05
Brandon Gignac 0 0 0 0 0 0 0 0 0 0 0/0 0:00 0:00 0:00
Dylan McIlrath 0 1 1 0 0 0 1 2 0 2 0/0 26:48 5:55 4:51
Gabriel Carlsson 0 0 0 0 0 1 0 0 0 0 0/0 26:48 5:55 4:51
Garret Pilon 0 0 0 -1 0 1 0 0 1 0 0/0 6:53 0:00 0:00
Garret Ross 1 0 1 0 0 3 0 1 0 1 0/0 18:36 3:45 1:53
Jakub Galvas 0 0 0 0 0 1 0 1 0 2 0/0 13:02 0:01 0:00
James Livingstone 0 1 1 0 0 1 2 0 0 0 0/0 16:48 3:55 0:00
Josh Archibald 0 0 0 -1 0 2 0 0 1 0 0/0 7:12 0:19 0:00
Nick Blankenburg 0 0 0 0 0 0 0 3 0 1 0/0 20:10 3:59 3:14
Noah Cates 0 0 0 0 0 0 0 0 0 0 0/0 0:00 0:00 0:00
Pavel Kraskovsky 1 0 1 1 0 3 1 2 0 1 12/32 22:25 5:41 4:58
Rhett Gardner 0 0 0 0 0 2 2 0 0 0 8/16 18:19 3:44 1:37
Ross Colton 0 0 0 0 0 2 2 0 1 2 0/0 10:29 0:29 0:00
Slater Koekkoek 0 0 0 0 0 0 2 0 0 0 0/0 20:10 3:59 3:14
Tyrell Goulbourne 0 0 0 -1 2 2 2 0 2 0 0/1 7:07 0:00 0:00
Players Stats for Crunch
Player Name G A P +/- PIM S H SB GA TA FO MP PP MP PK MP
------------------------------------------------------------------------------------
Anatoli Golyshev 0 0 0 0 0 0 0 0 0 0 0/0 0:03 0:02 0:00
Anthony Cirelli 0 2 2 1 0 2 2 1 0 1 0/0 20:48 4:14 5:29
Blake Hillman 0 0 0 0 0 0 0 0 0 0 0/0 4:15 0:00 3:50
Blake Lizotte 0 0 0 0 0 1 0 0 0 0 4/5 8:02 0:00 1:12
Brandon Hagel 0 0 0 -1 0 0 4 0 0 1 0/0 10:27 0:00 0:00
Brendan Guhle 0 0 0 1 0 0 0 1 0 0 0/0 2:39 0:10 0:00
Charles-Olivier Roussel 0 0 0 0 2 2 0 1 0 0 0/0 5:28 0:23 0:00
Christoffer Ehn 0 1 1 0 2 2 1 0 0 1 17/23 19:08 3:49 1:49
Connor Bunnaman 0 0 0 -1 0 0 0 0 0 0 6/10 10:27 0:00 0:00
Denis Gurianov 1 1 2 0 0 7 4 0 2 0 3/5 19:43 3:49 2:23
Jacob Josefson 1 1 2 1 0 3 1 0 2 0 3/9 15:19 4:14 0:00
Jeremy Bracco 0 0 0 -1 0 3 1 0 0 0 0/0 10:30 0:02 0:00
Jeremy Lauzon 0 0 0 0 0 0 1 0 0 1 0/0 10:22 0:00 0:05
Joel Vermin 1 1 2 1 0 4 1 1 1 0 0/0 15:19 4:14 0:00
Jordan Oesterle 0 0 0 0 0 1 1 0 1 0 0/0 19:12 3:35 4:10
Max McCormick 0 0 0 0 0 0 0 0 0 0 1/2 2:54 0:00 2:44
Michael Downing 0 0 0 -1 2 2 0 0 0 1 0/0 11:27 3:02 0:00
Michael Ferland 0 0 0 0 0 3 0 0 1 0 0/0 8:39 0:00 1:43
Nikita Gusev 0 0 0 0 0 0 0 0 0 0 0/0 0:03 0:02 0:00
Nikita Tryamkin 0 0 0 0 2 4 2 1 1 0 0/0 24:20 4:30 4:35
Noah Hanifin 0 0 0 0 0 0 0 1 0 0 0/0 12:29 0:00 1:30
Rem Pitlick 0 0 0 0 0 3 0 0 1 0 0/1 6:40 0:00 0:00
Roland McKeown 0 1 1 0 0 2 2 1 0 2 0/0 25:26 4:30 5:40
Sean Walker 0 0 0 0 0 0 1 0 0 0 0/0 5:00 0:00 0:00
Teemu Hartikainen 1 0 1 0 2 5 2 1 1 1 4/10 21:20 3:49 4:30
3 Stars
1 - Denis Gurianov (Syr)
2 - Joel Vermin (Syr)
3 - Jacob Josefson (Syr)
Power Play
Sound Tigers - 0 on 5 Attempt(s) - 0.00%
Crunch - 2 on 5 Attempt(s) - 40.00%
Penalty Kill
Sound Tigers - 3 on 5 Attempt(s) - 60.00%
- Score 0 goal in Penalty Kill
Crunch - 5 on 5 Attempt(s) - 100.00%
- Score 0 goal in Penalty Kill
Team Stat
Sound Tigers - Hits : 17 - Faceoff Wins : 27 - Blocked Shots : 13 - Penalty Minutes : 10
Crunch - Hits : 23 - Faceoff Wins : 38 - Blocked Shots : 8 - Penalty Minutes : 10
Official
Referees : Brandon Schrader and Chris Rooney
Linesman : Steve Miller and David Brisebois
Game Notes
Brendan Guhle is injured at 9:30 of 1st period (Right Leg)
Finance
Level 1 -- Attendance: 2000 (100.00%) -- Ticket Income $70,000
Level 2 -- Attendance: 855 (85.50%) -- Ticket Income $12,825
Total Attendance: 2855 (95.17%)
Total Ticket Income: $82,825
Other Income: $4,141
Total Income: $86,966
Sound Tigers
5 vs 5 Forward
Center Left Wing Right Wing Time % Phy DF OF
1 Pavel Kraskovsky Alex Tuch Borna Rendulic 40 1 2 2
2 Rhett Gardner Garret Ross James Livingstone 30 1 2 2
3 Ben Johnson Ben Thomson Ross Colton 20 1 2 2
4 Garret Pilon Tyrell Goulbourne Josh Archibald 10 1 2 2
5 vs 5 Defense
Defense Defense Time % Phy DF OF
1 Dylan McIlrath Gabriel Carlsson 40 1 2 2
2 Slater Koekkoek Nick Blankenburg 30 1 2 2
3 Alexander Yelesin Jakub Galvas 20 1 2 2
4 Dylan McIlrath Gabriel Carlsson 10 1 2 2
PowerPlay Forward
Center Left Wing Right Wing Time % Phy DF OF
1 Pavel Kraskovsky Alex Tuch Borna Rendulic 60 1 2 2
2 Rhett Gardner Garret Ross James Livingstone 40 1 2 2
PowerPlay Defense
Defense Defense Time % Phy DF OF
1 Dylan McIlrath Gabriel Carlsson 60 1 2 2
2 Slater Koekkoek Nick Blankenburg 40 1 2 2
Penalty Kill 4 Players Forward
Center Wing Time % Phy DF OF
1 Pavel Kraskovsky Alex Tuch 60 1 2 2
2 Rhett Gardner Garret Ross 40 1 2 2
Penalty Kill 4 Players Defense
Defense Defense Time % Phy DF OF
1 Dylan McIlrath Gabriel Carlsson 60 1 2 2
2 Slater Koekkoek Nick Blankenburg 40 1 2 2
Penalty Kill - 3 Players Forward
Forward Time % Phy DF OF
1 Pavel Kraskovsky 60 1 2 2
2 Rhett Gardner 40 1 2 2
Penalty Kill - 3 Players Defense
Defense Defense Time % Phy DF OF
1 Dylan McIlrath Gabriel Carlsson 60 1 2 2
2 Slater Koekkoek Nick Blankenburg 40 1 2 2
4 vs 4 Forward
Center Wing Time % Phy DF OF
1 Pavel Kraskovsky Alex Tuch 60 1 2 2
2 Rhett Gardner Garret Ross 40 1 2 2
4 vs 4 Defense
Defense Defense Time % Phy DF OF
1 Dylan McIlrath Gabriel Carlsson 60 1 2 2
2 Slater Koekkoek Nick Blankenburg 40 1 2 2
Last Minutes Offensive
Center Left Wing Right Wing Defense Defense
Pavel Kraskovsky Alex Tuch Borna Rendulic Dylan McIlrath Gabriel Carlsson
Last Minutes Defensive
Center Left Wing Right Wing Defense Defense
Pavel Kraskovsky Alex Tuch Borna Rendulic Dylan McIlrath Gabriel Carlsson
Goaltenders
Starting : Pavel Francouz
Backup : Sean Maguire
Extra Forwards
Normal : Ben Thomson, Ross Colton, Pavel Kraskovsky - PP : Ben Thomson, Ross Colton - PK : Ben Thomson
Extra Defensemen
Normal : Nick Blankenburg, Alexander Yelesin, Jakub Galvas - PP : Nick Blankenburg - PK : Nick Blankenburg, Alexander Yelesin
Penalty Shots
Alex Tuch, Garret Ross, Borna Rendulic, James Livingstone, Ben Thomson
Scratches
Miro Heiskanen (Lower Body Injury), Joe Labate (Healthy), Casey Staum (Healthy), Chris Driedger (Healthy), Stuart Skinner (Healthy)
Crunch
5 vs 5 Forward
Center Left Wing Right Wing Time % Phy DF OF
1 Christoffer Ehn Teemu Hartikainen Denis Gurianov 40 1 2 2
2 Jacob Josefson Anthony Cirelli Joel Vermin 30 1 2 2
3 Connor Bunnaman Brandon Hagel Jeremy Bracco 20 1 2 2
4 Blake Lizotte Michael Ferland Rem Pitlick 10 1 2 2
5 vs 5 Defense
Defense Defense Time % Phy DF OF
1 Roland McKeown Nikita Tryamkin 40 1 2 2
2 Jordan Oesterle Brendan Guhle 30 1 2 2
3 Noah Hanifin Jeremy Lauzon 20 1 2 2
4 Sean Walker Charles-Olivier Roussel 10 1 2 2
PowerPlay Forward
Center Left Wing Right Wing Time % Phy DF OF
1 Christoffer Ehn Teemu Hartikainen Denis Gurianov 60 1 2 2
2 Jacob Josefson Anthony Cirelli Joel Vermin 40 1 2 2
PowerPlay Defense
Defense Defense Time % Phy DF OF
1 Roland McKeown Nikita Tryamkin 60 1 2 2
2 Jordan Oesterle Brendan Guhle 40 1 2 2
Penalty Kill 4 Players Forward
Center Wing Time % Phy DF OF
1 Teemu Hartikainen Anthony Cirelli 60 1 2 2
2 Christoffer Ehn Denis Gurianov 40 1 2 2
Penalty Kill 4 Players Defense
Defense Defense Time % Phy DF OF
1 Roland McKeown Nikita Tryamkin 60 1 2 2
2 Jordan Oesterle Brendan Guhle 40 1 2 2
Penalty Kill - 3 Players Forward
Forward Time % Phy DF OF
1 Teemu Hartikainen 60 1 2 2
2 Anthony Cirelli 40 1 2 2
Penalty Kill - 3 Players Defense
Defense Defense Time % Phy DF OF
1 Roland McKeown Nikita Tryamkin 60 1 2 2
2 Jordan Oesterle Brendan Guhle 40 1 2 2
4 vs 4 Forward
Center Wing Time % Phy DF OF
1 Teemu Hartikainen Anthony Cirelli 60 1 2 2
2 Christoffer Ehn Denis Gurianov 40 1 2 2
4 vs 4 Defense
Defense Defense Time % Phy DF OF
1 Roland McKeown Nikita Tryamkin 60 1 2 2
2 Jordan Oesterle Brendan Guhle 40 1 2 2
Last Minutes Offensive
Center Left Wing Right Wing Defense Defense
Christoffer Ehn Teemu Hartikainen Denis Gurianov Roland McKeown Nikita Tryamkin
Last Minutes Defensive
Center Left Wing Right Wing Defense Defense
Christoffer Ehn Teemu Hartikainen Denis Gurianov Roland McKeown Nikita Tryamkin
Goaltenders
Starting : Jordan Binnington
Backup : Kaapo Kahkonen
Extra Forwards
Normal : Nikita Gusev, Anatoli Golyshev, Max McCormick - PP : Nikita Gusev, Anatoli Golyshev - PK : Max McCormick
Extra Defensemen
Normal : Michael Downing, Blake Hillman, Noah Hanifin - PP : Michael Downing - PK : Blake Hillman, Noah Hanifin
Penalty Shots
Teemu Hartikainen, Anthony Cirelli, Christoffer Ehn, Denis Gurianov, Brandon Hagel
Scratches
Axel Holmstrom (Healthy), Josef Korenar (Healthy)
% Time on Ice - Sound Tigers
Lines # - Real PCT - Wanted PCT - Time Play
Normal Forward
1 - 29% - 40% - 12:09
2 - 31% - 30% - 13:07
3 - 23% - 20% - 9:51
4 - 16% - 10% - 6:53
Normal Defense
1 - 39% - 40% - 16:11
2 - 31% - 30% - 12:57
3 - 30% - 20% - 12:25
4 - 1% - 10% - 0:27
PP Forward
1 - 61% - 60% - 6:00
2 - 39% - 40% - 3:55
PP Defense
1 - 60% - 60% - 5:56
2 - 40% - 40% - 3:59
PK Forward
1 - 80% - 60% - 6:28
2 - 20% - 40% - 1:37
PK Defense
1 - 60% - 60% - 4:51
2 - 40% - 40% - 3:14
PK3 Forward
1 - 0% - 60%
2 - 0% - 40%
PK3 Defense
1 - 0% - 60%
2 - 0% - 40%
44 Forward
1 - 0% - 60%
2 - 0% - 40%
44 Defense
1 - 0% - 60%
2 - 0% - 40%
Last Minute Offensive - 0:00
Last Minute Defensive - 0:00
Total
Forward - 60:00
Defense - 60:00
|
% Time on Ice - Crunch
Lines # - Real PCT - Wanted PCT - Time Play
Normal Forward
1 - 31% - 40% - 13:10
2 - 28% - 30% - 11:43
3 - 25% - 20% - 10:27
4 - 16% - 10% - 6:40
Normal Defense
1 - 36% - 40% - 15:16
2 - 28% - 30% - 11:53
3 - 23% - 20% - 9:51
4 - 12% - 10% - 5:00
PP Forward
1 - 48% - 60% - 3:51
2 - 52% - 40% - 4:14
PP Defense
1 - 56% - 60% - 4:30
2 - 44% - 40% - 3:35
PK Forward
1 - 76% - 60% - 7:32
2 - 24% - 40% - 2:23
PK Defense
1 - 57% - 60% - 5:40
2 - 43% - 40% - 4:15
PK3 Forward
1 - 0% - 60%
2 - 0% - 40%
PK3 Defense
1 - 0% - 60%
2 - 0% - 40%
44 Forward
1 - 0% - 60%
2 - 0% - 40%
44 Defense
1 - 0% - 60%
2 - 0% - 40%
Last Minute Offensive - 0:00
Last Minute Defensive - 0:00
Total
Forward - 60:00
Defense - 60:00
|
Play-by-Play
1st period
0:01 of 1st period - Pavel Kraskovsky wins face-off versus Denis Gurianov in neutral zone.
0:14 of 1st period - Slapshot by Denis Gurianov.
0:14 of 1st period - Stopped by Pavel Francouz with a rebound.
0:26 of 1st period - Rhett Gardner is hit by Roland McKeown and loses puck.
1:15 of 1st period - Wrist shot by Tyrell Goulbourne.
1:15 of 1st period - Stopped by Jordan Binnington without a rebound.
1:16 of 1st period - Christoffer Ehn wins face-off versus Pavel Kraskovsky in Crunch zone.
1:30 of 1st period - Wrist shot by Alex Tuch.
1:30 of 1st period - Stopped by Jordan Binnington without a rebound.
1:31 of 1st period - Rhett Gardner wins face-off versus Jacob Josefson in Crunch zone.
1:32 of 1st period - Snap shot by Garret Ross.
1:32 of 1st period - Stopped by Jordan Binnington with a rebound.
2:17 of 1st period - Snap shot by Ben Thomson.
2:17 of 1st period - Shot Misses the Net.
2:19 of 1st period - Slapshot by Ross Colton.
2:19 of 1st period - Stopped by Jordan Binnington without a rebound.
2:20 of 1st period - Connor Bunnaman wins face-off versus Ben Johnson in Crunch zone.
2:20 of 1st period - Connor Bunnaman is hit by Ross Colton.
4:12 of 1st period - Snap shot by Denis Gurianov.
4:12 of 1st period - Shot Misses the Net.
4:28 of 1st period - Wrist shot by Alex Tuch.
4:28 of 1st period - Shot Blocked by Anthony Cirelli.
4:40 of 1st period - Snap shot by Ben Johnson.
4:40 of 1st period - Stopped by Jordan Binnington with a rebound.
5:00 of 1st period - Josh Archibald is hit by Sean Walker and loses puck.
5:17 of 1st period - Slapshot by Teemu Hartikainen.
5:17 of 1st period - Shot Misses the Net.
5:35 of 1st period - Ben Thomson is hit by Nikita Tryamkin and loses puck.
5:58 of 1st period - Snap shot by Garret Ross.
5:58 of 1st period - Shot Misses the Net.
6:33 of 1st period - Snap shot by Rem Pitlick.
6:33 of 1st period - Shot Blocked by Nick Blankenburg.
6:35 of 1st period - Slapshot by Roland McKeown.
6:35 of 1st period - Deflect By Michael Ferland.
6:35 of 1st period - Shot Misses the Net.
6:35 of 1st period - Puck is out of play.
6:36 of 1st period - Teemu Hartikainen wins face-off versus Rhett Gardner in Sound Tigers zone.
6:51 of 1st period - Wrist shot by Denis Gurianov.
6:51 of 1st period - Stopped by Pavel Francouz without a rebound.
6:52 of 1st period - Pavel Kraskovsky wins face-off versus Jacob Josefson in Sound Tigers zone.
7:09 of 1st period - Slapshot by Nikita Tryamkin.
7:09 of 1st period - Deflect By Gabriel Carlsson.
7:09 of 1st period - Stopped by Pavel Francouz without a rebound.
7:10 of 1st period - Christoffer Ehn wins face-off versus Rhett Gardner in Sound Tigers zone.
8:29 of 1st period - Icing by Jeremy Lauzon.
8:30 of 1st period - Christoffer Ehn wins face-off versus Rhett Gardner in Crunch zone.
8:30 of 1st period - Christoffer Ehn is hit by James Livingstone.
8:42 of 1st period - Slapshot by Teemu Hartikainen.
8:42 of 1st period - Goal by Teemu Hartikainen - Sound Tigers : 0 - Crunch : 1.
8:43 of 1st period - Christoffer Ehn wins face-off versus Pavel Kraskovsky in neutral zone.
8:50 of 1st period - Slapshot by Denis Gurianov.
8:50 of 1st period - Stopped by Pavel Francouz without a rebound.
8:51 of 1st period - Borna Rendulic wins face-off versus Christoffer Ehn in Sound Tigers zone.
8:53 of 1st period - Minor Penalty to Borna Rendulic for Slashing.
8:54 of 1st period - Christoffer Ehn wins face-off versus Pavel Kraskovsky in Sound Tigers zone.
9:20 of 1st period - Pavel Kraskovsky is hit by Roland McKeown.
9:30 of 1st period - Snap shot by Garret Ross.
9:30 of 1st period - Shot Blocked by Brendan Guhle.
9:30 of 1st period - Brendan Guhle from Crunch is injured at 9:30 of 1st period (Right Leg).
9:31 of 1st period - Denis Gurianov wins face-off versus Pavel Kraskovsky in Crunch zone.
10:53 of 1st period - Penalty to Borna Rendulic is over, Borna Rendulic is back on ice.
11:04 of 1st period - Wrist shot by Jeremy Bracco.
11:04 of 1st period - Stopped by Pavel Francouz with a rebound.
11:24 of 1st period - Backhand shot by Josh Archibald.
11:24 of 1st period - Stopped by Jordan Binnington with a rebound.
12:15 of 1st period - Icing by Alex Tuch.
12:16 of 1st period - Blake Lizotte wins face-off versus Pavel Kraskovsky in Sound Tigers zone.
12:21 of 1st period - Snap shot by Jacob Josefson.
12:21 of 1st period - Stopped by Pavel Francouz with a rebound.
12:23 of 1st period - Wrist shot by Anthony Cirelli.
12:23 of 1st period - Shot Blocked by Alex Tuch.
12:25 of 1st period - Slapshot by Nikita Tryamkin.
12:25 of 1st period - Stopped by Pavel Francouz with a rebound.
12:27 of 1st period - Wrist shot by Joel Vermin.
12:27 of 1st period - Shot Misses the Net.
12:29 of 1st period - Slapshot by Roland McKeown.
12:29 of 1st period - Stopped by Pavel Francouz with a rebound.
13:20 of 1st period - Dylan McIlrath is hit by Anthony Cirelli and loses puck.
13:52 of 1st period - Snap shot by Ross Colton.
13:52 of 1st period - Stopped by Jordan Binnington with a rebound.
14:28 of 1st period - Connor Bunnaman is hit by Ross Colton and loses puck.
15:14 of 1st period - Borna Rendulic is hit by Jordan Oesterle and loses puck.
15:53 of 1st period - Jordan Oesterle is hit by Slater Koekkoek.
16:07 of 1st period - Snap shot by Christoffer Ehn.
16:07 of 1st period - Shot Misses the Net.
16:09 of 1st period - Snap shot by Christoffer Ehn.
16:09 of 1st period - Shot Misses the Net.
16:11 of 1st period - Slapshot by Nikita Tryamkin.
16:11 of 1st period - Stopped by Pavel Francouz with a rebound.
16:23 of 1st period - Slapshot by Garret Ross.
16:23 of 1st period - Stopped by Jordan Binnington without a rebound.
16:24 of 1st period - Rhett Gardner wins face-off versus Jacob Josefson in Crunch zone.
16:25 of 1st period - Snap shot by Garret Ross.
16:25 of 1st period - Shot Hit the Post.
16:27 of 1st period - Wrist shot by Rhett Gardner.
16:27 of 1st period - Shot Blocked by Joel Vermin.
16:32 of 1st period - Off-side.
16:33 of 1st period - Christoffer Ehn wins face-off versus Pavel Kraskovsky in neutral zone.
16:36 of 1st period - Snap shot by Denis Gurianov.
16:36 of 1st period - Shot Blocked by Alexander Yelesin.
16:42 of 1st period - Snap shot by Borna Rendulic.
16:42 of 1st period - Shot Blocked by Noah Hanifin.
16:44 of 1st period - Snap shot by Alex Tuch.
16:44 of 1st period - Shot Misses the Net.
16:46 of 1st period - Snap shot by Jakub Galvas.
16:46 of 1st period - Stopped by Jordan Binnington without a rebound.
16:47 of 1st period - Christoffer Ehn wins face-off versus Pavel Kraskovsky in Crunch zone.
17:21 of 1st period - Snap shot by Anthony Cirelli.
17:21 of 1st period - Stopped by Pavel Francouz with a rebound.
17:23 of 1st period - Slapshot by Nikita Tryamkin.
17:23 of 1st period - Shot Misses the Net.
17:25 of 1st period - Wrist shot by Nikita Tryamkin.
17:25 of 1st period - Stopped by Pavel Francouz with a rebound.
17:27 of 1st period - Slapshot by Joel Vermin.
17:27 of 1st period - Stopped by Pavel Francouz with a rebound.
17:59 of 1st period - Snap shot by Tyrell Goulbourne.
17:59 of 1st period - Stopped by Jordan Binnington with a rebound.
18:17 of 1st period - Denis Gurianov is hit by Pavel Kraskovsky and loses puck.
18:41 of 1st period - Off-side.
18:42 of 1st period - Ben Johnson wins face-off versus Jacob Josefson in neutral zone.
18:51 of 1st period - Snap shot by Ben Thomson.
18:51 of 1st period - Stopped by Jordan Binnington with a rebound.
18:53 of 1st period - Wrist shot by Nick Blankenburg.
18:53 of 1st period - Deflect By Ben Thomson.
18:53 of 1st period - Stopped by Jordan Binnington with a rebound.
18:57 of 1st period - Slapshot by Ben Thomson.
18:57 of 1st period - Deflect By Ben Johnson.
18:57 of 1st period - Stopped by Jordan Binnington with a rebound.
19:14 of 1st period - Rhett Gardner is hit by Jacob Josefson and loses puck.
19:48 of 1st period - Minor Penalty to Nikita Tryamkin for Holding.
19:49 of 1st period - Teemu Hartikainen wins face-off versus Alex Tuch in Crunch zone.
19:49 of 1st period - Teemu Hartikainen is hit by Alex Tuch.
Goals for this period are 0 for Sound Tigers vs 1 for Crunch.
Shots for this period are 13 for Sound Tigers vs 13 for Crunch.
2nd period
0:01 of 2nd period - Pavel Kraskovsky wins face-off versus Teemu Hartikainen in neutral zone.
0:04 of 2nd period - Wrist shot by Alex Tuch.
0:04 of 2nd period - Shot Misses the Net.
0:16 of 2nd period - Backhand shot by Pavel Kraskovsky.
0:16 of 2nd period - Stopped by Jordan Binnington with a rebound.
1:13 of 2nd period - Icing by Slater Koekkoek.
1:14 of 2nd period - Max McCormick wins face-off versus Pavel Kraskovsky in Sound Tigers zone.
1:48 of 2nd period - Penalty to Nikita Tryamkin is over, Nikita Tryamkin is back on ice.
2:08 of 2nd period - Snap shot by Christoffer Ehn.
2:08 of 2nd period - Stopped by Pavel Francouz with a rebound.
2:10 of 2nd period - Snap shot by Denis Gurianov.
2:10 of 2nd period - Shot Blocked by Dylan McIlrath.
2:12 of 2nd period - Snap shot by Nikita Tryamkin.
2:12 of 2nd period - Deflect By Christoffer Ehn.
2:12 of 2nd period - Shot Misses the Net.
2:12 of 2nd period - Puck is out of play.
2:13 of 2nd period - Connor Bunnaman wins face-off versus Rhett Gardner in Sound Tigers zone.
2:16 of 2nd period - Snap shot by Jeremy Bracco.
2:16 of 2nd period - Stopped by Pavel Francouz with a rebound.
2:18 of 2nd period - Snap shot by Connor Bunnaman.
2:18 of 2nd period - Shot Misses the Net.
2:20 of 2nd period - Wrist shot by Jordan Oesterle.
2:20 of 2nd period - Stopped by Pavel Francouz with a rebound.
2:22 of 2nd period - Slapshot by Brandon Hagel.
2:22 of 2nd period - Deflect By Jeremy Bracco.
2:22 of 2nd period - Shot Misses the Net.
2:22 of 2nd period - Puck is out of play.
2:23 of 2nd period - Rhett Gardner wins face-off versus Connor Bunnaman in Sound Tigers zone.
3:06 of 2nd period - James Livingstone is hit by Brandon Hagel and loses puck.
3:13 of 2nd period - Wrist shot by Jeremy Bracco.
3:13 of 2nd period - Shot Blocked by Nick Blankenburg.
3:46 of 2nd period - James Livingstone is hit by Jeremy Bracco and loses puck.
4:23 of 2nd period - Wrist shot by James Livingstone.
4:23 of 2nd period - Stopped by Jordan Binnington with a rebound.
4:25 of 2nd period - Minor Penalty to Michael Downing for Hooking.
4:26 of 2nd period - Pavel Kraskovsky wins face-off versus Teemu Hartikainen in Crunch zone.
4:27 of 2nd period - Snap shot by Borna Rendulic.
4:27 of 2nd period - Shot Blocked by Roland McKeown.
4:29 of 2nd period - Snap shot by Alex Tuch.
4:29 of 2nd period - Shot Misses the Net.
4:31 of 2nd period - Slapshot by Dylan McIlrath.
4:31 of 2nd period - Deflect By Pavel Kraskovsky.
4:31 of 2nd period - Stopped by Jordan Binnington without a rebound.
4:32 of 2nd period - Teemu Hartikainen wins face-off versus Borna Rendulic in Crunch zone.
4:43 of 2nd period - Wrist shot by Borna Rendulic.
4:43 of 2nd period - Shot Misses the Net.
4:45 of 2nd period - Backhand shot by Dylan McIlrath.
4:45 of 2nd period - Deflect By Borna Rendulic.
4:45 of 2nd period - Stopped by Jordan Binnington without a rebound.
4:46 of 2nd period - Teemu Hartikainen wins face-off versus Pavel Kraskovsky in Crunch zone.
4:55 of 2nd period - Teemu Hartikainen is hit by Alex Tuch and loses puck.
5:38 of 2nd period - Jordan Oesterle is hit by Ben Thomson and loses puck.
5:43 of 2nd period - Slapshot by Slater Koekkoek.
5:43 of 2nd period - Shot Misses the Net.
5:55 of 2nd period - Nick Blankenburg is hit by Denis Gurianov and loses puck.
6:04 of 2nd period - Slapshot by Denis Gurianov.
6:04 of 2nd period - Stopped by Pavel Francouz with a rebound.
6:25 of 2nd period - Penalty to Michael Downing is over, Michael Downing is back on ice.
6:29 of 2nd period - Nikita Tryamkin is hit by James Livingstone and loses puck.
7:13 of 2nd period - Slapshot by Christoffer Ehn.
7:13 of 2nd period - Stopped by Pavel Francouz with a rebound.
7:22 of 2nd period - Icing by Gabriel Carlsson.
7:23 of 2nd period - Connor Bunnaman wins face-off versus Rhett Gardner in Sound Tigers zone.
7:48 of 2nd period - Snap shot by Joel Vermin.
7:48 of 2nd period - Shot Misses the Net.
7:58 of 2nd period - Denis Gurianov is hit by Tyrell Goulbourne.
8:10 of 2nd period - Wrist shot by Tyrell Goulbourne.
8:10 of 2nd period - Shot Blocked by Charles-Olivier Roussel.
8:20 of 2nd period - Slapshot by Borna Rendulic.
8:20 of 2nd period - Shot Blocked by Teemu Hartikainen.
8:33 of 2nd period - Wrist shot by Teemu Hartikainen.
8:33 of 2nd period - Stopped by Pavel Francouz with a rebound.
8:35 of 2nd period - Snap shot by Charles-Olivier Roussel.
8:35 of 2nd period - Stopped by Pavel Francouz with a rebound.
8:37 of 2nd period - Wrist shot by Christoffer Ehn.
8:37 of 2nd period - Shot Blocked by Pavel Kraskovsky.
8:39 of 2nd period - Slapshot by Denis Gurianov.
8:39 of 2nd period - Stopped by Pavel Francouz with a rebound.
8:41 of 2nd period - Slapshot by Sean Walker.
8:41 of 2nd period - Shot Misses the Net.
8:43 of 2nd period - Snap shot by Teemu Hartikainen.
8:43 of 2nd period - Stopped by Pavel Francouz with a rebound.
8:45 of 2nd period - Wrist shot by Teemu Hartikainen.
8:45 of 2nd period - Stopped by Pavel Francouz without a rebound.
8:46 of 2nd period - Rhett Gardner wins face-off versus Jacob Josefson in Sound Tigers zone.
8:46 of 2nd period - Rhett Gardner is hit by Nikita Tryamkin.
9:04 of 2nd period - Anthony Cirelli is hit by Rhett Gardner and loses puck.
9:14 of 2nd period - Icing by Garret Ross.
9:15 of 2nd period - Connor Bunnaman wins face-off versus Rhett Gardner in Sound Tigers zone.
9:16 of 2nd period - Snap shot by Jeremy Bracco.
9:16 of 2nd period - Stopped by Pavel Francouz with a rebound.
9:19 of 2nd period - Icing by Gabriel Carlsson.
9:20 of 2nd period - Rhett Gardner wins face-off versus Connor Bunnaman in Sound Tigers zone.
9:29 of 2nd period - Snap shot by Garret Ross.
9:29 of 2nd period - Goal by Garret Ross - Sound Tigers : 1 - Crunch : 1.
9:30 of 2nd period - Christoffer Ehn wins face-off versus Pavel Kraskovsky in neutral zone.
9:33 of 2nd period - Pavel Kraskovsky is hit by Teemu Hartikainen and loses puck.
9:52 of 2nd period - Minor Penalty to Teemu Hartikainen for Interference.
9:53 of 2nd period - Pavel Kraskovsky wins face-off versus Max McCormick in Crunch zone.
10:10 of 2nd period - Anthony Cirelli is hit by Dylan McIlrath and loses puck.
11:52 of 2nd period - Penalty to Teemu Hartikainen is over, Teemu Hartikainen is back on ice.
12:00 of 2nd period - Snap shot by Rhett Gardner.
12:00 of 2nd period - Stopped by Jordan Binnington without a rebound.
12:01 of 2nd period - Denis Gurianov wins face-off versus Ben Johnson in Crunch zone.
12:26 of 2nd period - Josh Archibald is hit by Brandon Hagel.
12:30 of 2nd period - Garret Pilon is hit by Brandon Hagel and loses puck.
12:50 of 2nd period - Off-side.
12:51 of 2nd period - Ben Johnson wins face-off versus Jacob Josefson in neutral zone.
13:07 of 2nd period - Slapshot by Jacob Josefson.
13:07 of 2nd period - Deflect By Anthony Cirelli.
13:07 of 2nd period - Shot Blocked by Alexander Yelesin.
13:07 of 2nd period - Puck is out of play.
13:08 of 2nd period - Pavel Kraskovsky wins face-off versus Christoffer Ehn in Sound Tigers zone.
13:42 of 2nd period - Snap shot by James Livingstone.
13:42 of 2nd period - Shot Misses the Net.
14:29 of 2nd period - Wrist shot by Jeremy Bracco.
14:29 of 2nd period - Shot Misses the Net.
14:36 of 2nd period - Icing by Ross Colton.
14:37 of 2nd period - Ben Johnson wins face-off versus Christoffer Ehn in Sound Tigers zone.
15:16 of 2nd period - Jeremy Lauzon is hit by Rhett Gardner and loses puck.
15:51 of 2nd period - Snap shot by Joel Vermin.
15:51 of 2nd period - Goal by Joel Vermin - Sound Tigers : 1 - Crunch : 2.
15:52 of 2nd period - Christoffer Ehn wins face-off versus Pavel Kraskovsky in neutral zone.
15:54 of 2nd period - Minor Penalty to Alex Tuch for Tripping.
15:55 of 2nd period - Pavel Kraskovsky wins face-off versus Denis Gurianov in Sound Tigers zone.
16:05 of 2nd period - Slapshot by Nikita Tryamkin.
16:05 of 2nd period - Shot Misses the Net.
16:33 of 2nd period - Snap shot by Joel Vermin.
16:33 of 2nd period - Shot Misses the Net.
17:20 of 2nd period - Ben Johnson is hit by Joel Vermin and loses puck.
17:54 of 2nd period - Penalty to Alex Tuch is over, Alex Tuch is back on ice.
18:03 of 2nd period - Snap shot by Jeremy Bracco.
18:03 of 2nd period - Shot Blocked by Nick Blankenburg.
18:10 of 2nd period - Icing by Nick Blankenburg.
18:11 of 2nd period - Blake Lizotte wins face-off versus Ben Johnson in Sound Tigers zone.
18:16 of 2nd period - Wrist shot by Michael Ferland.
18:16 of 2nd period - Stopped by Pavel Francouz without a rebound.
18:17 of 2nd period - Blake Lizotte wins face-off versus Pavel Kraskovsky in Sound Tigers zone.
19:05 of 2nd period - Nikita Tryamkin is hit by Tyrell Goulbourne and loses puck.
19:14 of 2nd period - Slapshot by Tyrell Goulbourne.
19:14 of 2nd period - Shot Misses the Net.
19:16 of 2nd period - Slapshot by Dylan McIlrath.
19:16 of 2nd period - Deflect By Garret Pilon.
19:16 of 2nd period - Stopped by Jordan Binnington without a rebound.
19:17 of 2nd period - Christoffer Ehn wins face-off versus Pavel Kraskovsky in Crunch zone.
19:17 of 2nd period - Christoffer Ehn is hit by Borna Rendulic.
19:23 of 2nd period - Snap shot by Alex Tuch.
19:23 of 2nd period - Shot Misses the Net.
19:25 of 2nd period - Slapshot by Borna Rendulic.
19:25 of 2nd period - Stopped by Jordan Binnington without a rebound.
19:26 of 2nd period - Christoffer Ehn wins face-off versus Pavel Kraskovsky in Crunch zone.
19:33 of 2nd period - Teemu Hartikainen is hit by Borna Rendulic and loses puck.
19:42 of 2nd period - Snap shot by Borna Rendulic.
19:42 of 2nd period - Shot Misses the Net.
19:44 of 2nd period - Wrist shot by Alex Tuch.
19:44 of 2nd period - Stopped by Jordan Binnington with a rebound.
19:46 of 2nd period - Snap shot by Pavel Kraskovsky.
19:46 of 2nd period - Goal by Pavel Kraskovsky - Sound Tigers : 2 - Crunch : 2.
19:47 of 2nd period - Christoffer Ehn wins face-off versus Pavel Kraskovsky in neutral zone.
Goals for this period are 2 for Sound Tigers vs 1 for Crunch.
Shots for this period are 10 for Sound Tigers vs 13 for Crunch.
3rd period
0:01 of 3rd period - Christoffer Ehn wins face-off versus Pavel Kraskovsky in neutral zone.
0:04 of 3rd period - Pavel Kraskovsky is hit by Christoffer Ehn and loses puck.
0:13 of 3rd period - Wrist shot by Borna Rendulic.
0:13 of 3rd period - Stopped by Jordan Binnington with a rebound.
0:22 of 3rd period - Icing by Teemu Hartikainen.
0:23 of 3rd period - Christoffer Ehn wins face-off versus Rhett Gardner in Crunch zone.
0:55 of 3rd period - Alex Tuch is hit by Denis Gurianov and loses puck.
1:27 of 3rd period - Snap shot by Brandon Hagel.
1:27 of 3rd period - Shot Misses the Net.
1:29 of 3rd period - Slapshot by Jordan Oesterle.
1:29 of 3rd period - Shot Blocked by Jakub Galvas.
1:49 of 3rd period - Snap shot by Rem Pitlick.
1:49 of 3rd period - Stopped by Pavel Francouz with a rebound.
2:35 of 3rd period - Minor Penalty to Tyrell Goulbourne for Hooking.
2:36 of 3rd period - Pavel Kraskovsky wins face-off versus Christoffer Ehn in Sound Tigers zone.
3:20 of 3rd period - Nick Blankenburg is hit by Denis Gurianov.
4:35 of 3rd period - Penalty to Tyrell Goulbourne is over, Tyrell Goulbourne is back on ice.
4:45 of 3rd period - Wrist shot by Rem Pitlick.
4:45 of 3rd period - Shot Misses the Net.
4:47 of 3rd period - Snap shot by Michael Ferland.
4:47 of 3rd period - Shot Misses the Net.
4:49 of 3rd period - Wrist shot by Blake Lizotte.
4:49 of 3rd period - Stopped by Pavel Francouz without a rebound.
4:50 of 3rd period - Rhett Gardner wins face-off versus Connor Bunnaman in Sound Tigers zone.
4:50 of 3rd period - Rhett Gardner is hit by Jeremy Lauzon.
5:41 of 3rd period - Josh Archibald is hit by Anthony Cirelli and loses puck.
6:05 of 3rd period - Snap shot by Denis Gurianov.
6:05 of 3rd period - Shot Blocked by Garret Ross.
6:07 of 3rd period - Slapshot by Charles-Olivier Roussel.
6:07 of 3rd period - Stopped by Pavel Francouz with a rebound.
6:29 of 3rd period - Minor Penalty to Charles-Olivier Roussel for Hooking.
6:30 of 3rd period - Pavel Kraskovsky wins face-off versus Teemu Hartikainen in Crunch zone.
8:24 of 3rd period - Slapshot by Roland McKeown.
8:24 of 3rd period - Shot Misses the Net.
8:29 of 3rd period - Penalty to Charles-Olivier Roussel is over, Charles-Olivier Roussel is back on ice.
9:11 of 3rd period - Wrist shot by Tyrell Goulbourne.
9:11 of 3rd period - Shot Misses the Net.
9:17 of 3rd period - Minor Penalty to Christoffer Ehn for Interference.
9:18 of 3rd period - Pavel Kraskovsky wins face-off versus Teemu Hartikainen in Crunch zone.
9:29 of 3rd period - Snap shot by Teemu Hartikainen.
9:29 of 3rd period - Deflect By Anthony Cirelli.
9:29 of 3rd period - Shot Misses the Net.
9:29 of 3rd period - Puck is out of play.
9:30 of 3rd period - Borna Rendulic wins face-off versus Teemu Hartikainen in Sound Tigers zone.
9:41 of 3rd period - Snap shot by Borna Rendulic.
9:41 of 3rd period - Shot Misses the Net.
9:43 of 3rd period - Wrist shot by Borna Rendulic.
9:43 of 3rd period - Stopped by Jordan Binnington without a rebound.
9:44 of 3rd period - Alex Tuch wins face-off versus Teemu Hartikainen in Crunch zone.
9:45 of 3rd period - Snap shot by Borna Rendulic.
9:45 of 3rd period - Shot Blocked by Nikita Tryamkin.
10:13 of 3rd period - Backhand shot by Denis Gurianov.
10:13 of 3rd period - Stopped by Pavel Francouz with a rebound.
11:17 of 3rd period - Penalty to Christoffer Ehn is over, Christoffer Ehn is back on ice.
11:49 of 3rd period - Wrist shot by Rem Pitlick.
11:49 of 3rd period - Deflect By Blake Lizotte.
11:49 of 3rd period - Shot Misses the Net.
11:49 of 3rd period - Puck is out of play.
11:50 of 3rd period - Blake Lizotte wins face-off versus Tyrell Goulbourne in Sound Tigers zone.
12:13 of 3rd period - Blake Lizotte is hit by Slater Koekkoek and loses puck.
12:20 of 3rd period - Snap shot by Josh Archibald.
12:20 of 3rd period - Stopped by Jordan Binnington with a rebound.
12:22 of 3rd period - Slapshot by Alexander Yelesin.
12:22 of 3rd period - Stopped by Jordan Binnington without a rebound.
12:23 of 3rd period - Denis Gurianov wins face-off versus Pavel Kraskovsky in Crunch zone.
12:56 of 3rd period - Ben Thomson is hit by Denis Gurianov and loses puck.
13:13 of 3rd period - Snap shot by Jeremy Lauzon.
13:13 of 3rd period - Shot Blocked by Dylan McIlrath.
13:23 of 3rd period - Snap shot by Joel Vermin.
13:23 of 3rd period - Stopped by Pavel Francouz with a rebound.
13:25 of 3rd period - Snap shot by Jacob Josefson.
13:25 of 3rd period - Shot Misses the Net.
13:34 of 3rd period - Gabriel Carlsson is hit by Brandon Hagel and loses puck.
13:46 of 3rd period - Wrist shot by Alex Tuch.
13:46 of 3rd period - Stopped by Jordan Binnington with a rebound.
13:48 of 3rd period - Wrist shot by Borna Rendulic.
13:48 of 3rd period - Stopped by Jordan Binnington without a rebound.
13:49 of 3rd period - Jacob Josefson wins face-off versus Ben Johnson in Crunch zone.
13:58 of 3rd period - Wrist shot by Jacob Josefson.
13:58 of 3rd period - Shot Misses the Net.
14:00 of 3rd period - Slapshot by Roland McKeown.
14:00 of 3rd period - Deflect By Ross Colton.
14:00 of 3rd period - Stopped by Pavel Francouz with a rebound.
14:09 of 3rd period - Minor Penalty to Ben Johnson for Hooking.
14:10 of 3rd period - Christoffer Ehn wins face-off versus Pavel Kraskovsky in Sound Tigers zone.
14:12 of 3rd period - Wrist shot by Teemu Hartikainen.
14:12 of 3rd period - Stopped by Pavel Francouz without a rebound.
14:13 of 3rd period - Pavel Kraskovsky wins face-off versus Christoffer Ehn in Sound Tigers zone.
14:20 of 3rd period - Snap shot by Denis Gurianov.
14:20 of 3rd period - Goal by Denis Gurianov - Sound Tigers : 2 - Crunch : 3.
14:21 of 3rd period - Pavel Kraskovsky wins face-off versus Christoffer Ehn in neutral zone.
14:33 of 3rd period - Wrist shot by Pavel Kraskovsky.
14:33 of 3rd period - Shot Misses the Net.
14:35 of 3rd period - Slapshot by Gabriel Carlsson.
14:35 of 3rd period - Stopped by Jordan Binnington without a rebound.
14:36 of 3rd period - Christoffer Ehn wins face-off versus Pavel Kraskovsky in Crunch zone.
14:41 of 3rd period - Slapshot by Nikita Tryamkin.
14:41 of 3rd period - Shot Blocked by Borna Rendulic.
14:43 of 3rd period - Minor Penalty to Borna Rendulic for Hooking.
14:44 of 3rd period - Christoffer Ehn wins face-off versus Alex Tuch in Sound Tigers zone.
14:49 of 3rd period - Slapshot by Denis Gurianov.
14:49 of 3rd period - Shot Blocked by Pavel Kraskovsky.
14:51 of 3rd period - Wrist shot by Christoffer Ehn.
14:51 of 3rd period - Shot Misses the Net.
15:23 of 3rd period - Wrist shot by Anthony Cirelli.
15:23 of 3rd period - Stopped by Pavel Francouz without a rebound.
15:24 of 3rd period - Jacob Josefson wins face-off versus Rhett Gardner in Sound Tigers zone.
15:33 of 3rd period - Wrist shot by Joel Vermin.
15:33 of 3rd period - Stopped by Pavel Francouz without a rebound.
15:34 of 3rd period - Jacob Josefson wins face-off versus Pavel Kraskovsky in Sound Tigers zone.
16:16 of 3rd period - Wrist shot by Jacob Josefson.
16:16 of 3rd period - Stopped by Pavel Francouz with a rebound.
16:18 of 3rd period - Backhand shot by Michael Downing.
16:18 of 3rd period - Stopped by Pavel Francouz with a rebound.
16:40 of 3rd period - Wrist shot by Joel Vermin.
16:40 of 3rd period - Deflect By Jacob Josefson.
16:40 of 3rd period - Goal by Jacob Josefson - Sound Tigers : 2 - Crunch : 4.
16:41 of 3rd period - Connor Bunnaman wins face-off versus Ben Johnson in neutral zone.
17:08 of 3rd period - Gabriel Carlsson is hit by Teemu Hartikainen.
17:39 of 3rd period - Slapshot by Michael Ferland.
17:39 of 3rd period - Stopped by Pavel Francouz without a rebound.
17:40 of 3rd period - Connor Bunnaman wins face-off versus Ben Johnson in Sound Tigers zone.
17:53 of 3rd period - Wrist shot by Ben Thomson.
17:53 of 3rd period - Shot Misses the Net.
17:55 of 3rd period - Slapshot by Ben Thomson.
17:55 of 3rd period - Stopped by Jordan Binnington with a rebound.
19:00 of 3rd period - Snap shot by Jeremy Lauzon.
19:00 of 3rd period - Shot Misses the Net.
19:02 of 3rd period - Backhand shot by Rem Pitlick.
19:02 of 3rd period - Stopped by Pavel Francouz without a rebound.
19:03 of 3rd period - Ben Johnson wins face-off versus Connor Bunnaman in Sound Tigers zone.
19:28 of 3rd period - Slapshot by Michael Ferland.
19:28 of 3rd period - Stopped by Pavel Francouz with a rebound.
19:30 of 3rd period - Snap shot by Rem Pitlick.
19:30 of 3rd period - Stopped by Pavel Francouz with a rebound.
19:32 of 3rd period - Slapshot by Michael Downing.
19:32 of 3rd period - Stopped by Pavel Francouz without a rebound.
19:33 of 3rd period - Rhett Gardner wins face-off versus Rem Pitlick in Sound Tigers zone.
19:37 of 3rd period - Icing by Nick Blankenburg.
19:38 of 3rd period - Rhett Gardner wins face-off versus Blake Lizotte in Sound Tigers zone.
19:47 of 3rd period - Slapshot by Rhett Gardner.
19:47 of 3rd period - Stopped by Jordan Binnington with a rebound.
Goals for this period are 0 for Sound Tigers vs 2 for Crunch.
Shots for this period are 9 for Sound Tigers vs 18 for Crunch.